 Dungeon Crawl Stone Soup version 0.29.1-1-gd02db6906a (webtiles) character file.

Game seed: 3526111927209639025

95 Zeld the Chopper (level 4, -3/60 HPs)
             Began as a Minotaur Berserker on Oct 15, 2022.
             Was a Believer of Trog.
             Slain by Grinder (9 damage)
             ... on level 3 of the Dungeon.
             The game lasted 00:01:41 (2551 turns).

Zeld the Chopper (Minotaur Berserker)               Turns: 2551, Time: 00:01:42

Health: -3/60      AC:  2    Str: 24    XL:     4   Next: 40%
Magic:  3/3        EV: 12    Int:  4    God:    Trog [**....]
Gold:   123        SH:  0    Dex:  9    Spells: 3/3 levels left

rFire   . . .      SeeInvis .   a - +0 hand axe
rCold   . . .      Faith    .   (no shield)
rNeg    . . .      Spirit   .   b - +0 animal skin
rPois   .          Reflect  .   (helmet restricted)
rElec   .          Harm     .   (no cloak)
rCorr   .          Rampage  .   (no gloves)
Will    .....                   (no boots)
Stlth   ..........              (no amulet)
HPRegen 0.20/turn               (no ring)
MPRegen 0.08/turn               (no ring)

@: berserking (expiring), very quick
A: horns 2, retaliatory headbutt
a: Renounce Religion, Berserk, Trog's Hand


You were on level 3 of the Dungeon.
You worshipped Trog.
Trog was pleased with you.
You visited 1 branch of the dungeon, and saw 3 of its levels.

You collected 123 gold pieces.

Inventory:

Hand Weapons
 a - a +0 hand axe (weapon)
Armour
 b - a +0 animal skin (worn)
Scrolls
 c - a scroll of silence {unknown}
 h - 4 scrolls of amnesia {unknown}
 i - a scroll of summoning {unknown}
 m - a scroll of blinking {unknown}
 n - 2 scrolls of poison {unknown}
 o - a scroll of magic mapping {unknown}
 p - a scroll of fog {unknown}
 q - a scroll of identify {unknown}
 r - a scroll of enchant weapon {unknown}
Potions
 d - a potion of mutation {unknown}
 e - a potion of heal wounds {unknown}
 f - a potion of attraction {unknown}
 g - 2 potions of might {unknown}
 j - 3 potions of curing {unknown}
 k - 2 potions of lignification {unknown}
 l - 2 potions of ambrosia {unknown}


   Skills:
 + Level 4.2 Fighting
 * Level 4.8 Axes
 + Level 3.3 Armour
 + Level 3.0 Dodging


You had 3 spell levels left.
You didn't know any spells.
Your spell library was empty.

Dungeon Overview and Level Annotations

Branches:
Dungeon (3/15)

Altars:
Hepliaklqana
Qazlal
Xom
Zin

Annotations:
D:3 Grinder


Innate Abilities, Weirdness & Mutations

You have a pair of horns on your head.
You reflexively headbutt those who attack you in melee.


Message History

You writhe in agony.
* * * LOW HITPOINT WARNING * * *
You can move again.
You closely miss Grinder.
Grinder is lightly wounded.
Unknown command.
You barely miss Grinder.
Grinder is lightly wounded.
Grinder barely misses you.
Unknown command.
You closely miss Grinder.
Grinder is lightly wounded.
Grinder misses you. You furiously retaliate!
You headbutt Grinder!
Unknown command.
You hit Grinder.
Grinder is severely wounded.
Unknown command.
You closely miss Grinder.
Grinder is severely wounded.
Grinder hits you but does no damage.
Unknown command.
You barely miss Grinder.
Grinder is severely wounded.
Grinder hits you.
* * * LOW HITPOINT WARNING * * *
You writhe in agony.
* * * LOW HITPOINT WARNING * * *
Unknown command.
You closely miss Grinder.
Grinder is severely wounded.
Unknown command.
You closely miss Grinder.
Grinder is severely wounded.
Grinder gestures at you.
You barely resist.
Unknown command.
You closely miss Grinder.
Grinder is severely wounded.
Grinder hits you!
You die...

##.##...##
#.###.## ...
#### #.....# ...
###.###
#.##########
#.#........#
##.#.######.#
#....# #....#
#...@#
#......5....../
#..........####
#.........##
####...####
#...# #.#
####### #... #.#
......#
##############.#
..###.#
#.........##.#


You could see Grinder.

Vanquished Creatures
  3 adders
  2 dart slugs (D:1)
  2 bats
  2 endoplasms (D:1)
  3 giant cockroaches (D:1)
  10 goblins
  5 hobgoblins
  4 jackals (D:1)
  5 quokkas
  11 ball pythons
  4 frilled lizards
  5 kobolds
  3 rats
59 creatures vanquished.

Notes
Turn   | Place    | Note
-------+----------+-------------------------------------------
     0 | D:1      | Zeld the Minotaur Berserker began the quest for the Orb.
     0 | D:1      | Reached XP level 1. HP: 19/19 MP: 0/0
   200 | D:1      | Reached XP level 2. HP: 24/27 MP: 1/1
   533 | D:1      | Reached XP level 3. HP: 31/33 MP: 2/2
   538 | D:1      | Reached ** piety under Trog
  1212 | D:2      | Found a faded altar of an unknown god.
  1376 | D:2      | Reached XP level 4. HP: 38/40 MP: 3/3
  2333 | D:3      | Found a shimmering altar of Xom.
  2336 | D:3      | Found a stormy altar of Qazlal.
  2351 | D:3      | Found a glowing silver altar of Zin.
  2354 | D:3      | Found a hazy altar of Hepliaklqana.
  2523 | D:3      | Noticed Grinder
  2535 | D:3      | Paralysed by Grinder for 3 turns
  2539 | D:3      | Paralysed by Grinder for 3 turns
  2551 | D:3      | Slain by Grinder

Illustrated notes

Levels and vault maps discovered:
D:1:      giann_bridges, layout_loops_ring
D:2:      layout_loops_ring, hellmonk_ecumenical_altar_run_dry
D:3:      layout_loops_corners, grunt_temple_overflow_cloverleaf,
          mainiacjoe_overflow_small_starburst, corexii_item_surrounded_by_moat,
          uniq_grinder

Skill      XL: |  1  2  3  4 |
---------------+-------------+-----
Axes           | 4 |  4.8
Fighting       | 4 |  4.2
Armour         | 3 |  3.3
Dodging        | 3 |  3.0

Action                   |  1- 3 |  4- 6 || total
-------------------------+-------+-------++-------
Melee: Hand axe          |    75 |    42 ||   117
       Headbutt          |    10 |     4 ||    14
Invok: Berserk           |       |     1 ||     1
Armor: Animal skin       |     9 |     4 ||    13
Dodge: Dodged            |    65 |    24 ||    89
